 Dungeon Crawl Stone Soup version 0.30-a0-242-g7bf8e6d787 (webtiles) character file.

Game seed: 1255178599575635200

65 Sobieck the Shooter (level 3, -2/20 HPs)
             Began as a Deep Elf Hunter on Oct 11, 2022.
             Slain by a gnoll
             ... wielding a +0 spear
              (7 damage)
             ... on level 3 of the Dungeon.
             The game lasted 00:02:41 (1898 turns).

Sobieck the Shooter (Deep Elf Hunter)               Turns: 1898, Time: 00:02:41

Health: -2/20      AC:  3    Str:  8    XL:     3   Next: 92%
Magic:  5/5        EV: 12    Int: 13    God:
Gold:   141        SH:  0    Dex: 20    Spells: 2/2 levels left

rFire   . . .      SeeInvis .    a - +0 shortbow {bow}
rCold   . . .      Faith    .    (shield currently unavailable)
rNeg    + . .      Spirit   .    c - +0 leather armour
rPois   .          Reflect  .    (no helmet)
rElec   .          Harm     .    (no cloak)
rCorr   .          Rampage  .    (no gloves)
Will    .....                    (no boots)
Stlth   ++........               (no amulet)
HPRegen 0.23/turn                m - ring of wizardry
MPRegen 0.09/turn                s - ring of positive energy

@: no status effects
A: no striking features
a: no special abilities


You were on level 3 of the Dungeon.
You visited 1 branch of the dungeon, and saw 3 of its levels.

You collected 141 gold pieces.


   Skills:
 - Level 1.5 Fighting
 + Level 7.4 Ranged Weapons
 - Level 2.4 Dodging
 - Level 1.2 Stealth


You had 2 spell levels left.
You didn't know any spells.
Your spell library was empty.

Inventory:

Hand Weapons
 a - a +0 shortbow (weapon) {bow}
 f - a +1 dagger of speed {short}
   (You took it off a kobold on level 1 of the Dungeon)
 y - a +1 short sword of electrocution {short}
   (You found it on level 3 of the Dungeon)
Missiles
 e - 15 stones {throwing}
Armour
 c - a +0 leather armour (worn)
 i - a +0 scale mail
   (You found it on level 1 of the Dungeon)
 o - +0 shadow dragon scales {rare}
   (You found it on level 1 of the Dungeon)
 p - a +0 ring mail
   (You found it on level 2 of the Dungeon)
Jewellery
 m - a ring of wizardry (left hand)
   (You found it on level 1 of the Dungeon)
 r - an amulet of faith {!P}
   (You found it on level 2 of the Dungeon)
 s - a ring of positive energy (right hand)
   (You found it on level 2 of the Dungeon)
Scrolls
 b - a scroll of immolation {!r!r}
 d - 6 scrolls of identify {unknown}
 h - 3 scrolls of teleportation {unknown}
 k - a scroll of enchant armour {unknown}
 l - 2 scrolls of noise {unknown}
 n - a scroll of vulnerability {unknown}
 t - a scroll of enchant weapon {unknown}
 u - a scroll of torment {unknown}
 v - a scroll of magic mapping {unknown}
 w - a scroll of blinking {unknown}
Potions
 g - a potion of heal wounds {unknown}
 j - 2 potions of brilliance {unknown}
 q - 3 potions of haste {unknown}
 x - a potion of attraction {unknown}

Dungeon Overview and Level Annotations

Branches:
Dungeon (3/15) Zot: 16071

Altars:

## ######## #.. #......#
.. #......#
...##'#############......#
#>....gg@...............'
#..#.###########........#
..# #......... ....#####
#...###'##
#.....#######...# #.#
#...............# #.#
#....<..####....# #.##
#######...##....###...
#####........#####


You could see 2 gnolls.


Message History

Fire: a) +0 shortbow {bow}
Press: ? - help, Q - select action, (/) - cycle Shift-Dir - straight line, f/p - quokka
Aim: a quokka (moderately wounded, 56% to hit)
You shoot an arrow.
The arrow hits the quokka but does no damage.
The quokka closely misses you.
Fire: a) +0 shortbow {bow}
Press: ? - help, Q - select action, (/) - cycle Shift-Dir - straight line, f/p - quokka
Aim: a quokka (moderately wounded, 56% to hit)
You shoot an arrow. The arrow misses the quokka.
The quokka closely misses you.
The quokka twitches its whiskers.
The quokka barely misses you.
Fire: a) +0 shortbow {bow}
Press: ? - help, Q - select action, (/) - cycle Shift-Dir - straight line, f/p - quokka
Aim: a quokka (moderately wounded, 56% to hit)
You shoot an arrow. The arrow hits the quokka.
You kill the quokka!
Fire: a) +0 shortbow {bow}
Press: ? - help, Q - select action, (/) - cycle Shift-Dir - straight line, f - you That would be overly suicidal.
Okay, then.
Unknown command.
Found a stone staircase leading down.
Unknown command.
v - a scroll labelled RUABOR VITIFA Unknown command.
You now have 129 gold pieces (gained 15).
You open the door.
Found a stone staircase leading down.
Unknown command.
There is an open door here.
There is a stone staircase leading down here.
You open the door.
A bat comes into view.
Danger!
You shoot an arrow. The arrow hits the bat.
You kill the bat!
No target in view!
No target in view!
There is an open door here.
You open the door.
There is an open door here.
w - a scroll labelled LUOTUF GULUROA You open the door.
There is an open door here.
A hobgoblin comes into view.
Danger!
You shoot an arrow. The arrow barely misses the hobgoblin.
The hobgoblin shouts!
You shoot an arrow. The arrow hits the hobgoblin.
You kill the hobgoblin!
No target in view!
No target in view!
No target in view!
x - a puce potion You now have 141 gold pieces (gained 12).
You open the door.
There is an open door here.
y - a +1 short sword of electrocution {short} Unknown command.
There is an open door here.
Found a stone staircase leading down.
Unknown command. 2 gnolls come into view.
The gnoll shouts!
You hear a shout! x2; The gnoll shouts!
Danger!
You shoot an arrow. The arrow hits the gnoll.
You shoot an arrow. The arrow hits the gnoll.
You shoot an arrow. The arrow hits the gnoll.
You hear a shout!
The gnoll hits you with a +0 whip!
Ouch! That really hurt!
* * * LOW HITPOINT WARNING * * *
Fire: a) +0 shortbow {bow}
Press: ? - help, Q - select action, (/) - cycle Shift-Dir - straight line, f/p - gnoll
Aim: a gnoll, wielding a +0 whip (almost dead, 69% to hit)
You shoot an arrow. The arrow barely misses the gnoll.
A gnoll comes into view. It is wielding a +0 spear.
The gnoll barely misses you.
Fire: a) +0 shortbow {bow}
Press: ? - help, Q - select action, (/) - cycle Shift-Dir - straight line, f/p - gnoll
Aim: a gnoll, wielding a +0 whip (almost dead, 69% to hit)
You shoot an arrow. The arrow hits the gnoll.
You hear a shout!
The gnoll barely misses you.
Fire: a) +0 shortbow {bow}
Press: ? - help, Q - select action, (/) - cycle Shift-Dir - straight line, f/p - gnoll
Aim: a gnoll, wielding a +0 whip (almost dead, 69% to hit)
You shoot an arrow. The arrow hits the gnoll.
You kill the gnoll!
The gnoll misses you.
Fire: a) +0 shortbow {bow}
Press: ? - help, Q - select action, (/) - cycle Shift-Dir - straight line, f - gnoll
Aim: a gnoll, wielding a +0 flail (69% to hit)
You shoot an arrow. The arrow hits the gnoll!
The gnoll hits you with a +0 flail.
* * * LOW HITPOINT WARNING * * *
The gnoll hits you from afar with a +0 spear!
You die...

Skill      XL: |  1  2  3 |
---------------+----------+-----
Ranged Weapons | 6 7 |  7.4
Fighting       | |  1.5
Dodging        | |  2.4
Stealth        | |  1.2

Action                   || total
-------------------------++-------
 Fire: Shortbow          ||   134
Armor: Leather armour    ||    15
Dodge: Dodged            ||    41

Levels and vault maps discovered:
D:1:      sevenhm_arrival_forest_fort_large_4, layout_basic, minmay_hexomino_p4
D:2:      layout_basic, minmay_lizard_king
D:3:      layout_basic, minmay_box_of_dots

Notes
Turn   | Place    | Note
-------+----------+-------------------------------------------
     0 | D:1      | Sobieck the Deep Elf Hunter began the quest for the Orb.
     0 | D:1      | Reached XP level 1. HP: 12/12 MP: 3/3
   247 | D:1      | Reached XP level 2. HP: 16/16 MP: 4/4
   248 | D:1      | Reached skill level 6 in Ranged Weapons
   654 | D:1      | o - +0 shadow dragon scales {rare}
  1070 | D:2      | Reached XP level 3. HP: 17/20 MP: 5/5
  1304 | D:2      | Reached skill level 7 in Ranged Weapons
  1898 | D:3      | HP: 5/20 [gnoll/+0 flail (6)]
  1898 | D:3      | Slain by a gnoll

Vanquished Creatures
  A gnoll (D:3)
  A worm (D:2)
  3 dart slugs
  3 endoplasms (D:1)
  A goblin (D:1)
  6 hobgoblins
  2 jackals (D:2)
  4 quokkas
  2 ball pythons (D:1)
  9 bats
  9 frilled lizards
  3 kobolds (D:1)
  4 rats
48 creatures vanquished.

Vanquished Creatures (others)
  11 plants (D:2)
11 creatures vanquished.

Grand Total: 59 creatures vanquished

Table legend:
 A = Non-vault XP
 B = Vault XP
 C = Vault XP percentage of total XP
 D = Non-vault monster count
 E = Vault monster count
 F = Vault count percentage of total count
                 A         B        C        D         E       F
            +---------+---------+-------+---------+---------+-------
      Total |      81 |      12 |  12.9 |      37 |      11 |  22.9
            +---------+---------+-------+---------+---------+-------
        D:1 |      34 |       4 |  10.5 |      19 |       3 |  13.6
        D:2 |      22 |       8 |  26.7 |      11 |       8 |  42.1
        D:3 |      25 |       0 |   0.0 |       7 |       0 |   0.0
            +---------+---------+-------+---------+---------+-------

Illustrated notes

Table legend:
 A = Kills in this place as a percentage of kills in entire the game.
 B = Kills by you in this place as a percentage of kills by you in the entire game.
 C = Kills by friends in this place as a percentage of kills by friends in the entire game.
 D = Other kills in this place as a percentage of other kills in the entire game.
 E = Experience gained in this place as a percentage of experience gained in the entire game.
 F = Experience gained in this place divided by the number of levels of this place that you have seen.
                   A       B       C       D       E      F
               +-------+-------+-------+-------+-------+----------------------
         Total | 100.0 | 100.0 |   N/A |   N/A | 100.0 |  31.0
       Dungeon | 100.0 | 100.0 |   N/A |   N/A | 100.0 |  31.0
               +-------+-------+-------+-------+-------+----------------------

Table legend: (Time is in decaauts)
 A = Elapsed time spent in this place.
 B = Non-inter-level travel time spent in this place.
 C = Inter-level travel time spent in this place.
 D = Time resting spent in this place.
 E = Time spent auto-exploring this place.
 F = Levels seen in this place.
 G = Mean time per level.
                   A        B        C        D        E       F      G
               +--------+--------+--------+--------+--------+-----+--------+
         Total |   1926 |   1881 |     45 |     54 |   1586 |   3 |  642.0 |
       Dungeon |   1926 |   1881 |     45 |     54 |   1586 |   3 |  642.0 |
               +--------+--------+--------+--------+--------+-----+--------+

Top non-repeatable levels by time:
     D:1: 959 daAuts
     D:2: 740 daAuts
     D:3: 227 daAuts
